 Dungeon Crawl Stone Soup version 0.31.0-32-g396128a36d (webtiles) character file.

Game seed: 4220509019511913722

175 Consumeair16 the Nimble (level 5, -1/43 HPs)
             Began as a Gnoll Wanderer on Apr 18, 2024.
             Was an Initiate of Ru.
             Slain by Grinder the ynoxinul (10 damage)
             ... on level 4 of the Dungeon.
             The game lasted 00:03:13 (2990 turns).

Consumeair16 the Nimble (Gnoll Wanderer)            Turns: 2990, Time: 00:03:13

Health: -1/43      AC:  3    Str: 13    XL:     5   Next: 55%
Magic:  9/9        EV: 16    Int: 10    God:    Ru [......]
Gold:   163        SH:  0    Dex: 13    Spells: 10/10 levels left

rFire   + . .        g - +1 hand axe (flame)
rCold   + . .        (no shield)
rNeg    . . .        f - +0 leather armour
rPois   .            (no helmet)
rElec   .            r - scarf {rC+ rF+}
rCorr   .            (no gloves)
SInv    .            (no boots)
Will    .....        (no amulet)
Stlth   ++           (no ring)
HPRegen 0.27/turn    (no ring)
MPRegen 0.11/turn

%: no passive effects
@: hasted, very quick
A: fangs 1, strong nose, distributed training
a: Renounce Religion, Sacrifice Love, Sacrifice Forms, Sacrifice Arcana, Reject
Sacrifices


You were on level 4 of the Dungeon.
You worshipped Ru.
Ru was noncommittal.
You visited 1 branch of the dungeon, and saw 4 of its levels.

You collected 163 gold pieces.

Inventory:

Hand Weapons
 a - a +0 dagger
 g - a +1 hand axe of flaming (weapon)
 h - a +0 antimagic dagger
Missiles
 b - 3 throwing nets (quivered)
Armour
 f - a +0 leather armour (worn)
 r - a scarf of resistance (worn)
Wands
 d - a wand of polymorph (4)
Scrolls
 n - 3 scrolls of blinking
Potions
 c - 3 potions of curing
 i - a potion of invisibility
 j - 2 potions of brilliance
 k - a potion of mutation {unknown}
 l - 2 potions of attraction {unknown}
 m - 2 potions of enlightenment {unknown}
 o - a potion of resistance {unknown}
 p - a potion of heal wounds {unknown}


   Skills:
 + Level 4.8 Fighting
 + Level 1.6 Short Blades
 + Level 1.6 Long Blades
 + Level 1.6 Axes
 + Level 1.6 Maces & Flails
 + Level 1.6 Polearms
 + Level 1.6 Staves
 + Level 1.6 Ranged Weapons
 + Level 1.6 Throwing
 + Level 1.6 Armour
 + Level 10.5 Dodging
 + Level 2.8 Stealth
 + Level 1.6 Shields
 + Level 1.6 Unarmed Combat
 + Level 3.2 Spellcasting
 + Level 1.3 Conjurations
 + Level 1.3 Hexes
 + Level 1.3 Summonings
 + Level 1.3 Necromancy
 + Level 1.3 Translocations
 + Level 1.3 Fire Magic
 + Level 1.3 Ice Magic
 + Level 1.3 Air Magic
 + Level 1.3 Earth Magic
 + Level 1.3 Alchemy
 + Level 1.8 Invocations
 + Level 3.0 Evocations
 + Level 1.4 Shapeshifting


You had 10 spell levels left.
You didn't know any spells.
Your spell library contained the following spells:

 Spells                   Type           Power      Damage    Failure   Level
 Sting                    Conj/Alch      16%        1d4       21%         1
 Mercury Vapours          Alch/Air       8%         N/A       30%         2
 Dazzling Flash           Conj/Hex       8%         N/A       52%         3
 Volatile Blastmotes      Fire/Tloc      8%         2d10      52%         3
 Brom's Barrelling Bould  Conj/Erth      4%         2d3       90%         4
 Olgreb's Toxic Radiance  Alch           4%         N/A       90%         4
 Fireball                 Conj/Fire      2%         3d4       99%         5
 Iskenderun's Battlesphe  Conj           4%         2d6       99%         5
 Conjure Ball Lightning   Conj/Air       2%         3x3d6     100%        6
 Starburst                Conj/Fire      2%         6d3       100%        6
 Orb of Destruction       Conj           2%         9d5       100%        7
 Maxwell's Capacitive Co  Air            2%         ∞         100%        8


Dungeon Overview and Level Annotations

Branches:
Dungeon (4/15)
 Temple: D:4-7

Altars:
Ru

Annotations:
D:4 Grinder


Innate Abilities, Weirdness & Mutations

You have very sharp teeth.
Your uncanny sense of smell can sniff out nearby items.
Your experience applies equally to all skills.


Message History

You hit Grinder but do no damage. Grinder misses you.
You slash Grinder! You burn Grinder. You bite Grinder, but do no damage.
Grinder is moderately wounded.
Grinder misses you. Grinder hits you.
You writhe in agony.
You barely miss Grinder.
Grinder is moderately wounded.
Grinder gestures at you.
You suddenly lose the ability to move!
Grinder hits you.
You writhe in agony.
Grinder hits you.
You writhe in agony.
Grinder hits you!
You can move again.
You are too injured to fight recklessly!
Unknown command.
Aiming: Polymorph
Press: ? - help, Q - select action, (/) - cycle Shift-Dir - straight line, f - Grinder
Aim: Grinder (moderately wounded, will become a ynoxinul, a neqoxec, or a chaos spawn, chance to affect: 56%) Grinder evaporates and reforms as a ynoxinul!
Grinder misses you.
Aiming: Polymorph
Press: ? - help, Q - select action, (/) - cycle Shift-Dir - straight line, f/p - Grinder
Aim: Grinder the ynoxinul (moderately wounded, will become a neqoxec, a smoke demon, or a white imp, chance to affect: 38%) Grinder resists with some effort.
Grinder gestures at you. The iron shot misses you.
Aiming: Polymorph
Press: ? - help, Q - select action, (/) - cycle Shift-Dir - straight line, f/p - Grinder
Aim: Grinder the ynoxinul (moderately wounded, will become a neqoxec, a smoke demon, or a white imp, chance to affect: 38%) Grinder resists with some effort.
Grinder gestures.
You feel yourself speed up. The ufetubus misses you. The ufetubus hits you.
Grinder hits you!
* * * LOW HITPOINT WARNING * * *
Unknown command.
You hit Grinder. You burn Grinder.
Grinder is heavily wounded.
You closely miss the ufetubus. The ufetubus barely misses you. x2
Grinder hits you!
You die...
Grinder says, "Now the real fun starts!"

#.# ##.##.## #.#
#.##.# #.# #.##.#
#.# #)##.# #.#
#.##.# ### #.#
#.##.# <...
#.####.##.## ....#
#......#...##......
#####.....5@35.....
#.##>..###...##
#.###...... .# #.#
####### #.# #.# #.#
#.# #<#


You could see Grinder the ynoxinul and 2 ufetubi.

Vanquished Creatures
  Jessica (D:2)
  Robin (D:3)
  5 adders
  5 dart slugs
  A ribbon worm (D:2)
  2 orcs
  6 ball pythons
  3 endoplasms
  A giant cockroach (D:1)
  11 goblins
  9 hobgoblins
  3 jackals
  8 kobolds
  3 quokkas
  8 bats
  6 frilled lizards
  6 rats
79 creatures vanquished.

Notes
Turn   | Place    | Note
-------+----------+-------------------------------------------
     0 | D:1      | Reached skill level 10 in Dodging
     0 | D:1      | Consumeair16 the Gnoll Wanderer began the quest for the
                  | Orb.
     0 | D:1      | Consumeair16 set off with the following items: a +0 dagger,
                  | 3 throwing nets, a potion of curing, a wand of polymorph
                  | (4), a potion of haste, a +0 leather armour.
     0 | D:1      | Reached XP level 1. HP: 20/20 MP: 4/4
    45 | D:1      | Reached XP level 2. HP: 26/26 MP: 5/5
   367 | D:1      | Reached XP level 3. HP: 22/31 MP: 7/7
   919 | D:2      | Reached skill level 1 in Invocations
   940 | D:2      | Found a sacrificial altar of Ru.
   952 | D:2      | Became a worshipper of Ru the Awakened
  1052 | D:2      | Reached skill level 1 in Short Blades
  1052 | D:2      | Reached skill level 1 in Long Blades
  1052 | D:2      | Reached skill level 1 in Axes
  1052 | D:2      | Reached skill level 1 in Maces & Flails
  1052 | D:2      | Reached skill level 1 in Polearms
  1052 | D:2      | Reached skill level 1 in Staves
  1052 | D:2      | Reached skill level 1 in Ranged Weapons
  1052 | D:2      | Reached skill level 1 in Throwing
  1052 | D:2      | Reached skill level 1 in Armour
  1052 | D:2      | Reached skill level 1 in Shields
  1052 | D:2      | Reached skill level 1 in Unarmed Combat
  1072 | D:2      | Noticed Jessica
  1079 | D:2      | Killed Jessica
  1080 | D:2      | Reached skill level 1 in Shapeshifting
  1080 | D:2      | Reached XP level 4. HP: 38/38 MP: 8/8
  1112 | D:2      | Reached skill level 1 in Conjurations
  1112 | D:2      | Reached skill level 1 in Hexes
  1112 | D:2      | Reached skill level 1 in Summonings
  1112 | D:2      | Reached skill level 1 in Necromancy
  1112 | D:2      | Reached skill level 1 in Translocations
  1112 | D:2      | Reached skill level 1 in Fire Magic
  1112 | D:2      | Reached skill level 1 in Ice Magic
  1112 | D:2      | Reached skill level 1 in Air Magic
  1112 | D:2      | Reached skill level 1 in Earth Magic
  1112 | D:2      | Reached skill level 1 in Alchemy
  1905 | D:3      | Reached XP level 5. HP: 40/43 MP: 9/9
  2015 | D:3      | Noticed Terence
  2021 | D:3      | Terence changed into Terence the jackal
  2021 | D:3      | Noticed Terence
  2026 | D:3      | Killed Terence the jackal
  2149 | D:3      | Noticed Robin
  2165 | D:3      | Killed Robin
  2415 | D:3      | Found a faded altar of an unknown god.
  2975 | D:4      | Noticed Grinder
  2982 | D:4      | Paralysed by Grinder for 4 turns
  2986 | D:4      | Grinder changed into Grinder the ynoxinul
  2986 | D:4      | Noticed Grinder
  2990 | D:4      | Slain by Grinder the ynoxinul

Illustrated notes

Levels and vault maps discovered:
D:1:      dpeg_arrival_tiny_d, layout_basic, serial_bayou_crossing
D:2:      layout_basic, basic_altar, uniq_jessica
D:3:      layout_loops_corners, ebering_ecumenical_altar_petrified,
          minmay_fractal_squares_5, uniq_robin, uniq_terence
D:4:      layout_loops_ring, serial_shops, shop, ebering_ghost_sewer_d,
          uniq_grinder, uniq_blork_the_orc

Skill      XL: |  1  2  3  4  5 |
---------------+----------------+-----
Dodging        | | 10.5
Invocations    | 1 |  1.8
Short Blades   | 1 |  1.6
Long Blades    | 1 |  1.6
Axes           | 1 |  1.6
Maces & Flails | 1 |  1.6
Polearms       | 1 |  1.6
Staves         | 1 |  1.6
Ranged Weapons | 1 |  1.6
Throwing       | 1 |  1.6
Armour         | 1 |  1.6
Shields        | 1 |  1.6
Unarmed Combat | 1 |  1.6
Spellcasting   | 3 |  3.2
Shapeshifting  | 1 |  1.4
Conjurations   | 1 |  1.3
Hexes          | 1 |  1.3
Summonings     | 1 |  1.3
Necromancy     | 1 |  1.3
Translocations | 1 |  1.3
Fire Magic     | 1 |  1.3
Ice Magic      | 1 |  1.3
Air Magic      | 1 |  1.3
Earth Magic    | 1 |  1.3
Alchemy        | 1 |  1.3
Evocations     | 3 |  3.0
Fighting       | |  4.8
Stealth        | |  2.8

Action                     |  1- 3 |  4- 6 || total
---------------------------+-------+-------++-------
  Melee: Hand axe          |    83 |   104 ||   187
         Bite              |     5 |    11 ||    16
         Dagger            |     1 |       ||     1
         Punch             |       |     1 ||     1
  Evoke: Wand              |       |     6 ||     6
    Use: Scroll            |     3 |     4 ||     7
         Potion            |       |     2 ||     2
   Stab: Sleeping          |     2 |     1 ||     3
 Armour: Leather armour    |    45 |    67 ||   112
  Dodge: Dodged            |   106 |   123 ||   229
